 Dungeon Crawl Stone Soup version 0.20-a0-1039-gf554463 (console) character file.

50931 nht the Brawler (level 14, -1/141 HPs)
             Began as a Troll Monk on Apr 22, 2017.
             Was a High Priest of Wu Jian.
             Shot with an arrow by Nessos (20 damage)
             ... on level 6 of the Lair of Beasts.
             The game lasted 00:36:49 (14505 turns).

nht the Brawler (Troll Monk)                       Turns: 14505, Time: 00:36:50

Health: -1/141     AC:  7    Str: 26    XL:     14   Next: 21%
Magic:  13/13      EV: 11    Int:  6    God:    Wu Jian [*****.]
Gold:   1141       SH:  0    Dex: 14    Spells: 13/13 levels left

rFire    . . .     SeeInvis .     - Unarmed
rCold    . . .     Gourm    +   (no shield)
rNeg     + . .     Faith    .   a - +1 robe
rPois    +         Spirit   .   (helmet restricted)
rElec    .         Reflect  .   n - +0 cloak (curse)
rCorr    .         Harm     .   (gloves unavailable)
MR       +....                  (boots unavailable)
Stlth    ++........             (no amulet)
Regen    0.8/turn               C - ring of positive energy
MPRegen  0.2/turn               D - ring "Boinn" {+Inv rPois Dex+2}

@: exhausted
A: unfitting armour, claws 3, fast metabolism 3, gourmand, regeneration 1,
shaggy fur 1, tough skin 2
a: Serpent's Lash, Heavenly Storm, Renounce Religion, Evoke Invisibility


You were on level 6 of the Lair of Beasts.
You worshipped Wu Jian.
Wu Jian was extremely pleased with you.
You were completely stuffed.

You visited 2 branches of the dungeon, and saw 17 of its levels.

You collected 1141 gold pieces.

Inventory:

Missiles
 p - 6 javelins
 M - 8 needles of frenzy
 U - 2 large rocks (quivered)
Armour
 a - a +1 robe (worn)
 n - a cursed +0 cloak (worn)
 F - a +0 cloak
Jewellery
 i - an uncursed ring of flight
 C - a ring of positive energy (left claw)
 D - the ring "Boinn" (right claw) {+Inv rPois Dex+2}
   (You found it on level 6 of the Dungeon)

   [ring of dexterity]

   It affects your dexterity (+2).
   It protects you from poison.
   It lets you turn invisible.
Wands
 h - a wand of paralysis (7/24)
 o - a wand of paralysis (9/24)
 t - a wand of digging (11/24)
 w - a wand of flame (19/48)
 y - a wand of confusion (26/48)
 A - a wand of paralysis (12/24)
 I - a wand of polymorph (17/24)
 K - a wand of lightning (0/15)
 L - a wand of digging (0/24)
 O - a wand of iceblast (0/15)
 S - a wand of lightning (0/15)
 V - a wand of disintegration (12/24)
Scrolls
 c - 4 scrolls of magic mapping
 f - 10 scrolls of remove curse
 j - 6 scrolls of enchant armour
 l - 12 scrolls of teleportation
 q - 2 scrolls of amnesia
 r - a scroll of fog
 s - 2 scrolls of immolation
 x - 2 scrolls of enchant weapon
 G - 5 scrolls of recharging
 R - 2 scrolls of identify
Potions
 d - 3 potions of heal wounds
 e - 7 potions of curing
 k - a potion of resistance
 m - a potion of mutation
 u - 5 potions of might
 z - 4 potions of brilliance
 E - a potion of flight
 H - a potion of cancellation
 N - 2 potions of ambrosia
 Q - a potion of magic
Miscellaneous
 P - a fan of gales
 T - a box of beasts
Comestibles
 b - 10 bread rations
 g - 11 meat rations
 v - 7 royal jellies
 J - 17 fruits


   Skills:
 + Level 9.9 Fighting
 + Level 4.4 Armour
 - Level 3.2 Dodging
 - Level 2.1 Stealth
 * Level 20.0 Unarmed Combat


You had 13 spell levels left.
You didn't know any spells.

Dungeon Overview and Level Annotations

Branches:
Dungeon (11/15)            Temple (0/1) D:6            Lair (6/6) D:11
  Swamp (0/4) Lair:3        Snake (0/4) Lair:4        Slime (0/5) Lair:5
    Orc: D:9-12

Altars:
Ashenzari
Dithmenos
Fedhas
Gozag
Hepliaklqana
Makhleb
Ru
Sif Muna
Trog
Uskayaw
Vehumet
Wu Jian
Yredelemnul
The Shining One
Jiyva

Annotations:
Lair:1 oklobs, statue, exclusions: obsidian statue and 3 oklob plants
Lair:3 oklob, exclusion: oklob plant
Lair:6 Nessos


Innate Abilities, Weirdness & Mutations

You are too large for most types of armour.
You have claws for hands.
Your metabolism is lightning-fast.
You like to eat raw meat.
Your natural rate of healing is unusually fast.
You are covered in fur. (AC +1)
You have very tough skin. (AC +2)


Message History

You mangle the polar bear!!
You kill the polar bear!
The Council accepts your kill.
Found 20 gold pieces.
Nessos the Markscentaur comes into view.
You see here a hydra corpse.
As you read the scroll labeled TAGIPP CUSS, it crumbles to dust.
Wisps of shadow whirl around you...
It was a scroll of summoning.
Nessos mumbles some strange words.
Nessos seems to speed up.
Nessos wields a runed longbow.
It bursts into flame!
Nessos shoots an arrow.
The arrow hits you!
* * * LOW HITPOINT WARNING * * *
The arrow burns you.
* * * LOW HITPOINT WARNING * * *
You swap places.
Something closely misses your black mamba.
Something hits your black mamba.
Your black mamba bites Nessos!
Nessos blinks!
Nessos wields a longbow of flaming.
It bursts into flame!
Nessos shoots an arrow.
The arrow misses your black mamba. The arrow hits you!!
You die...

.. ......P.....██
... ...........P█
$.)c █P....P..█
█.... ███..█P..███
█.....██tP.██P....█
█......(t.PP█...███
█.....██S.PP██..██
..... ██....█...█
.... ██@███...█ ...
█.██.....██ P.
....P..<..█ .
..........█
.........██
.........█
█.█..█...█
██..P.....
██......█


You could see Nessos, a friendly black mamba and 2 friendly crocodiles.

Vanquished Creatures
  Fannar (Lair:1)
  10 hydras
  An ice dragon (Lair:5)
  2 two-headed ogres
  5 death yaks (Lair:5)
  Urug (Lair:5)
  The ghost of Duffy the Blocker, a novice NaFi of the Shining One (D:7)
  An unseen horror (D:10)
  A lindwurm (Lair:6)
  A cyclops (D:9)
  6 elephants (Lair:5)
  5 black mambas
  9 spiny frogs
  An ice statue (Lair:5)
  A centaur skeleton (D:11)
  7 rime drakes
  A kobold demonologist (D:8)
  6 komodo dragons
  3 polar bears
  2 dream sheep (D:8)
  Prince Ribbit (D:9)
  10 hippogriffs
  17 blink frogs
  6 wyverns (Lair:5)
  53 yaks
  4 basilisks
  Menkaure (D:5)
  A hungry ghost (D:4)
  5 swamp worms (Lair:3)
  3 nagas (Lair:4)
  9 water moccasins
  12 porcupines
  Duvessa (D:5)
  2 orc warriors
  8 ice beasts
  A sky beast (D:7)
  2 black bears (D:11)
  3 wolves (Lair:1)
  4 ogres
  A phantom (D:9)
  4 centaurs
  2 necrophages
  11 crocodiles
  Blork the orc (D:6)
  7 big kobolds
  17 bullfrogs
  A wyvern zombie (D:8)
  3 scorpions
  Dowan (D:5)
  A water moccasin skeleton (D:4)
  10 wights
  7 killer bees (D:7)
  4 electric eels
  3 crimson imps
  A howler monkey (D:8)
  2 bullfrog zombies
  2 centaur zombies
  7 hounds
  3 jellies
  An orc priest (D:8)
  2 orc wizards
  A bullfrog skeleton (D:8)
  2 iguanas
  7 worker ants
  2 hound skeletons
  A howler monkey zombie (D:8)
  8 adders
  3 gnolls (D:8)
  2 shadow imps
  2 white imps (Lair:5)
  An ooze (D:3)
  2 adder skeletons
  2 worms (D:6)
  A dart slug (D:2)
  3 leopard geckos
  10 orcs
  8 giant cockroaches
  8 goblins
  4 hobgoblins
  11 jackals
  22 kobolds
  3 quokkas
  7 bats
  4 frilled lizards
  2 quokka skeletons (D:4)
  7 rats
  A fungus (Lair:3)
423 creatures vanquished.

Vanquished Creatures (others)
  A bush (Lair:5)
  17 fungi
  18 plants
36 creatures vanquished.

Grand Total: 459 creatures vanquished

Notes
Turn   | Place    | Note
-------+----------+-------------------------------------------
     0 | D:1      | nht the Troll Monk began the quest for the Orb.
     0 | D:1      | Reached XP level 1. HP: 23/23 MP: 0/0
    53 | D:1      | Reached skill level 1 in Unarmed Combat
   206 | D:1      | Reached XP level 2. HP: 31/31 MP: 1/1
   317 | D:1      | Reached skill level 2 in Unarmed Combat
   595 | D:1      | Reached XP level 3. HP: 37/37 MP: 2/2
   766 | D:2      | Found a glowing golden altar of the Shining One.
   843 | D:2      | Noticed an angel
   856 | D:2      | Found a basalt altar of Yredelemnul.
   858 | D:2      | Noticed a profane servitor
   886 | D:2      | Reached skill level 3 in Unarmed Combat
  1896 | D:3      | Reached skill level 4 in Unarmed Combat
  1896 | D:3      | Reached XP level 4. HP: 40/45 MP: 3/3
  2058 | D:3      | Found a blossoming altar of Fedhas.
  2419 | D:3      | Found a hide-covered altar of Uskayaw.
  2552 | D:4      | Found an ornate altar of the Wu Jian Council.
  2559 | D:4      | Became a worshipper of the Wu Jian Council
  2559 | D:4      | Reached * piety under Wu Jian
  2559 | D:4      | Reached ** piety under Wu Jian
  2629 | D:4      | Reached XP level 5. HP: 48/53 MP: 4/4
  2669 | D:4      | Reached skill level 5 in Unarmed Combat
  2706 | D:4      | Noticed a hungry ghost
  2715 | D:4      | Killed a hungry ghost
  2715 | D:4      | Reached skill level 6 in Unarmed Combat
  2715 | D:4      | Reached XP level 6. HP: 61/61 MP: 5/5
  2760 | D:4      | Found a hazy altar of Hepliaklqana.
  2944 | D:4      | Reached skill level 7 in Unarmed Combat
  2969 | D:5      | Entered Level 5 of the Dungeon
  3005 | D:5      | Noticed Menkaure
  3013 | D:5      | Killed Menkaure
  3013 | D:5      | Reached XP level 7. HP: 17/67 MP: 6/6
  3219 | D:5      | Noticed Dowan
  3222 | D:5      | Noticed Duvessa
  3227 | D:5      | Killed Dowan
  3234 | D:5      | Killed Duvessa
  3234 | D:5      | Reached skill level 8 in Unarmed Combat
  3292 | D:5      | Reached skill level 9 in Unarmed Combat
  3450 | D:5      | Found a shattered altar of Ashenzari.
  3462 | D:5      | Reached XP level 8. HP: 68/75 MP: 7/7
  3948 | D:6      | Found a staircase to the Ecumenical Temple.
  4036 | D:6      | Noticed Blork the orc
  4047 | D:6      | Killed Blork the orc
  4047 | D:6      | Reached skill level 10 in Unarmed Combat
  4049 | D:6      | Got a faintly glowing silver ring
  4051 | D:6      | Identified the ring "Boinn" {+Inv rPois Dex+2} (You found it on level 6 of the Dungeon)
  4119 | D:6      | Reached *** piety under Wu Jian
  4360 | D:7      | Found a sacrificial altar of Ru.
  4390 | D:7      | Noticed Duffy's ghost (novice NaFi)
  4404 | D:7      | Killed Duffy's ghost
  4404 | D:7      | Reached skill level 11 in Unarmed Combat
  4404 | D:7      | Reached XP level 9. HP: 37/83 MP: 8/8
  4419 | D:7      | Found a burning altar of Makhleb.
  4419 | D:7      | Noticed a blizzard demon
  4466 | D:7      | Reached skill level 12 in Unarmed Combat
  4737 | D:7      | Found a bloodstained altar of Trog.
  5069 | D:8      | Noticed a kobold demonologist
  5079 | D:8      | Killed a kobold demonologist
  5079 | D:8      | Reached skill level 13 in Unarmed Combat
  5314 | D:8      | Reached XP level 10. HP: 51/91 MP: 9/9
  5513 | D:8      | Found a shadowy altar of Dithmenos.
  5517 | D:8      | Reached **** piety under Wu Jian
  5519 | D:8      | Reached skill level 14 in Unarmed Combat
  5622 | D:8      | we got gibs now?
  5718 | D:8      | Noticed a two-headed ogre
  5724 | D:8      | Killed a two-headed ogre
  6020 | D:8      | Reached skill level 15 in Unarmed Combat
  6080 | D:8      | Noticed a three-headed hydra
  6094 | D:8      | Killed a three-headed hydra
  6312 | D:9      | Found an opulent altar of Gozag.
  6460 | D:9      | Noticed a two-headed ogre
  6469 | D:9      | Killed a two-headed ogre
  6469 | D:9      | Reached XP level 11. HP: 80/101 MP: 10/10
  6595 | D:9      | Noticed Prince Ribbit
  6598 | D:9      | Killed Prince Ribbit
  6605 | D:9      | Found a deep blue altar of Sif Muna.
  6921 | D:10     | Entered Level 10 of the Dungeon
  6942 | D:10     | Killed an unseen horror
  6942 | D:10     | Reached skill level 5 in Fighting
  6942 | D:10     | Reached skill level 16 in Unarmed Combat
  7832 | D:11     | Reached ***** piety under Wu Jian
  7919 | D:11     | Found a staircase to the Lair.
  8034 | D:11     | Found a glowing golden altar of the Shining One.
  8084 | D:11     | Noticed a six-headed hydra
  8091 | D:11     | Killed a six-headed hydra
  8375 | Lair:1   | Entered Level 1 of the Lair of Beasts
  8453 | Lair:1   | Reached skill level 17 in Unarmed Combat
  8455 | Lair:1   | Noticed Fannar
  8464 | Lair:1   | Killed Fannar
  8464 | Lair:1   | Reached XP level 12. HP: 80/115 MP: 11/11
  9091 | Lair:1   | bad aim
 10111 | Lair:3   | Found a radiant altar of Vehumet.
 10133 | Lair:3   | Reached skill level 18 in Unarmed Combat
 10224 | Lair:3   | Noticed a six-headed hydra
 10256 | Lair:3   | Killed a six-headed hydra
 10631 | Lair:3   | Found a staircase to the Swamp.
 11155 | Lair:4   | Noticed a six-headed hydra
 11219 | Lair:4   | Killed a six-headed hydra
 11354 | Lair:4   | Found a staircase to the Snake Pit.
 11508 | Lair:4   | Noticed an eight-headed hydra
 11513 | Lair:4   | Killed an eight-headed hydra
 11513 | Lair:4   | Reached XP level 13. HP: 128/128 MP: 12/12
 11880 | Lair:4   | Reached skill level 19 in Unarmed Combat
 12437 | Lair:5   | Reached skill level 1 in Armour
 12470 | Lair:5   | Noticed Urug
 12479 | Lair:5   | Killed Urug
 12544 | Lair:5   | Found a viscous altar of Jiyva.
 12544 | Lair:5   | Found a staircase to the Slime Pits.
 12550 | Lair:5   | bleh
 13711 | Lair:5   | Reached XP level 14. HP: 131/141 MP: 13/13
 14046 | Lair:5   | Identified Asoivani's Collected Works on Flight
 14280 | Lair:6   | Entered Level 6 of the Lair of Beasts
 14471 | Lair:6   | Reached skill level 20 in Unarmed Combat
 14502 | Lair:6   | Noticed Nessos
 14505 | Lair:6   | Shot with an arrow by Nessos

Vault maps used:
D:1:      ncdulo_lavacross
D:2:      grunt_temple_overflow_holy_war, minmay_domino_2
D:3:      nicolae_overflow_hidden_temple
D:4:      nicolae_overflow_crystal_walls, kennysheep_mini_moat
D:5:      kennysheep_mini, first_bread, uniq_duvessa, uniq_menkaure
D:6:      temple_statues, uniq_blork_the_orc
D:7:      makhleb_altar_promises_db, kennysheep_little_box, basic_altar,
          eino_jars
D:8:      grunt_dithmenos_smoke, serial_undead, serial_undead_f,
          serial_undead_f, serial_undead_e, serial_undead_c, hangedman_ranch
D:9:      old_standard_altar, lemuel_coloured_pillars_altar, lightli_minifort,
          uniq_prince_ribbit1
D:11:     grunt_lair_entry_orc_guard_hut, basic_altar, st_stairs_12,
          minmay_strange_pillars
Lair:1:   statuecave_lemuel, beast_lair_carwin_9, minmay_lair_oklob_chamber,
          grunt_megastairs_1, uniq_gastronok, uniq_fannar
Lair:2:   infiniplex_staircase_pool, grunt_megastairs_3
Lair:3:   nicolae_swamp_entry_splash_gauntlet, lemuel_oklob_altar
Lair:4:   guppyfry_snake_entry_garden
Lair:5:   slime_altar_1, special_room, st_stairs_13, ice2_lemuel, uniq_urug
Lair:6:   grunt_lair_end_beastmaster, roderic_batcave, lemuel_fruit_tree,
          uniq_nessos, uniq_josephine, uniq_snorg

Skill      XL: |  1  2  3  4  5  6  7  8  9 10 11 12 13 14 |
---------------+-------------------------------------------+-----
Unarmed Combat | 1 2 4 6 7 9 11 13 15 17 18 19 20 | 20.0
Fighting       | 4 6 8 9 |  9.9
Armour         | 3 4 |  4.4
Dodging        | |  3.2
Stealth        | |  2.1

Action                   |  1- 3 |  4- 6 |  7- 9 | 10-12 | 13-15 || total
-------------------------+-------+-------+-------+-------+-------++-------
Melee: Unarmed           |   118 |    77 |   219 |   476 |   357 ||  1247
       Punch             |       |     2 |    12 |    47 |    33 ||    94
Throw: Large rock        |       |       |       |     9 |     4 ||    13
       Javelin           |       |       |       |       |     5 ||     5
Invok: Serpent's Lash    |       |       |       |     2 |     4 ||     6
       Heavenly Storm    |       |       |       |     1 |       ||     1
Evoke: Wand              |       |       |    15 |    34 |    23 ||    72
  Use: Scroll            |       |    15 |     5 |     9 |     3 ||    32
       Potion            |       |       |     1 |     5 |     3 ||     9
 Stab: Sleeping          |     9 |     2 |     3 |     8 |     2 ||    24
       Paralysed         |       |       |       |     3 |       ||     3
       Distracted        |       |       |       |     1 |     1 ||     2
       Invisible         |       |       |       |       |     1 ||     1
  Eat: Chunk             |    23 |    11 |    20 |    59 |    29 ||   142
Armor: Robe              |    51 |    17 |    31 |    61 |    49 ||   209
       Skin              |       |       |    25 |    66 |     4 ||    95
Dodge: Dodged            |    78 |    33 |    94 |   127 |    90 ||   422
